 Dungeon Crawl Stone Soup version 0.24.0-37-gcf1ca852f1 (webtiles) character file.

Game seed: 18334045566236353440, levelgen mode: deterministic

154 MisterFreud the Skirmisher (level 5, -1/47 HPs)
             Began as a Gnoll Abyssal Knight on Dec 4, 2019.
             Was a Priest of Lugonu.
             Killed by divine providence
             ... invoked by an orc priest
              (14 damage)
             ... on level 4 of the Dungeon.
             The game lasted 00:04:18 (2912 turns).

MisterFreud the Skirmisher (Gnoll Abyssal Knight)   Turns: 2912, Time: 00:04:19

Health: -1/47      AC:  3    Str: 15    XL:     5   Next: 36%
Magic:  8/8        EV: 13    Int: 15    God:    Lugonu [***...]
Gold:   144        SH:  0    Dex: 14    Spells: 6/6 levels left

rFire    x . .     SeeInvis .   a - +1 mace
rCold    + . .     Gourm    .   (no shield)
rNeg     . . .     Faith    .   b - +0 leather armour
rPois    .         Spirit   .   (no helmet)
rElec    .         Reflect  .   (no cloak)
rCorr    .         Harm     .   (no gloves)
MR       .....                  (no boots)
Stlth    ++........             (no amulet)
HPRegen  0.15/turn              s - ring of ice
MPRegen  0.11/turn              (no ring)

@: lethally poisoned (-1 -> -15)
A: distributed training, fangs 1, strong nose
a: Depart the Abyss, Bend Space, Banish, Renounce Religion


You were on level 4 of the Dungeon.
You worshipped Lugonu.
Lugonu was most pleased with you.
You were not hungry.

You visited 1 branch of the dungeon, and saw 4 of its levels.
You visited the Abyss 1 time.

You collected 144 gold pieces.

Inventory:

Hand Weapons
 a - a +1 mace (weapon)
Missiles
 i - 82 stones (quivered)
 o - 41 sling bullets
 t - 12 arrows
 v - 14 poisoned darts
Armour
 b - a +0 leather armour (worn)
Jewellery
 s - a ring of ice (left hand)
Scrolls
 f - 4 scrolls of remove curse {unknown}
 g - 6 scrolls of identify {unknown}
 k - a scroll of amnesia {unknown}
 m - a scroll of magic mapping {unknown}
 n - 3 scrolls of teleportation {unknown}
 q - a scroll of immolation {unknown}
 u - a scroll of blinking {unknown}
Potions
 d - a potion of brilliance {unknown}
 e - a potion of flight {unknown}
 h - 2 potions of curing {unknown}
 j - a potion of lignification {unknown}
 l - 3 potions of ambrosia {unknown}
 p - a potion of cancellation {unknown}
 r - a potion of heal wounds
Comestibles
 c - 6 rations


   Skills:
 + Level 6.7 Fighting
 + Level 1.4 Short Blades
 + Level 1.4 Long Blades
 + Level 1.4 Axes
 + Level 4.7 Maces & Flails
 + Level 1.4 Polearms
 + Level 1.4 Staves
 + Level 1.4 Slings
 + Level 1.4 Bows
 + Level 1.4 Crossbows
 + Level 1.4 Throwing
 + Level 4.7 Armour
 + Level 2.9 Dodging
 + Level 1.4 Stealth
 + Level 1.4 Shields
 + Level 1.4 Unarmed Combat
 + Level 1.4 Spellcasting
 + Level 1.1 Conjurations
 + Level 1.1 Hexes
 + Level 1.1 Charms
 + Level 1.1 Summonings
 + Level 1.1 Necromancy
 + Level 1.1 Translocations
 + Level 1.1 Transmutations
 + Level 1.1 Fire Magic
 + Level 1.1 Ice Magic
 + Level 1.1 Air Magic
 + Level 1.1 Earth Magic
 + Level 1.1 Poison Magic
 + Level 4.8 Invocations
 + Level 1.4 Evocations


You had 6 spell levels left.
You didn't know any spells.
Your spell library contained the following spells:

 Spells                   Type           Power        Failure   Level  Hunger
 Animate Skeleton         Necr           N/A          17%         1    ##.....
 Apportation              Tloc           #.....       17%         1    ##.....
 Confusing Touch          Hex            #.....       17%         1    ##.....
 Summon Small Mammal      Summ           #...         17%         1    ##.....


Dungeon Overview and Level Annotations

Branches:
Dungeon (4/15)
 Temple: D:4-7

Altars:
Elyvilon
Gozag
Hepliaklqana
Sif Muna


Innate Abilities, Weirdness & Mutations

Your experience applies equally to all skills.
You have very sharp teeth.
Your uncanny sense of smell can sniff out nearby items.


Message History

You feel sick. The worker ant bites you.
You are more poisoned.
The worker ant poisons you! The worker ant completely misses you.
You barely miss the worker ant.
The worker ant is moderately wounded.
You feel sick.
The orc priest casts a cantrip, but nothing happens.
The worker ant misses you.
Press: ? - help, Shift-Dir - straight line, f - worker ant
Aim: a worker ant (moderately wounded, chance to defeat MR: 88%)
You fail to use your ability.
You feel sick. The worker ant barely misses you.
Press: ? - help, Shift-Dir - straight line, f/p - worker ant
Aim: a worker ant (moderately wounded, chance to defeat MR: 88%)
You fail to use your ability.
You feel sick. The worker ant bites you.
* * * LOW HITPOINT WARNING * * *
You are lethally poisoned!
The worker ant poisons you!
The orc priest invokes the aid of Beogh against you.
Beogh smites you!
You die...

#....#
....+
#...#
##.o.##
#.....#
#.....#
#....o###
#...ooa@#
#########
∆ ∆ ∆ ∆


You could see a worker ant and 3 orc priests.

Vanquished Creatures
  A scorpion (D:3)
  3 adders
  2 oozes
  A dart slug (D:3)
  2 orcs
  A ball python (D:3)
  3 giant cockroaches
  14 goblins
  7 hobgoblins
  7 jackals
  6 kobolds
  A quokka (D:2)
  6 bats
  2 frilled lizards
  6 rats
62 creatures vanquished.

Notes
Turn   | Place    | Note
-------+----------+-------------------------------------------
     0 | Abyss:1  | MisterFreud the Gnoll Abyssal Knight began the quest for
                  | the Orb.
     0 | Abyss:1  | Reached XP level 1. HP: 23/23 MP: 3/3
     9 | D:1      | Escaped the Abyss
    40 | D:1      | Reached XP level 2. HP: 7/29 MP: 5/5
   540 | D:1      | Reached ** piety under Lugonu
   887 | D:2      | Reached XP level 3. HP: 35/35 MP: 6/6
   942 | D:2      | Found a white marble altar of Elyvilon.
  1392 | D:2      | Reached skill level 1 in Short Blades
  1392 | D:2      | Reached skill level 1 in Long Blades
  1392 | D:2      | Reached skill level 1 in Axes
  1392 | D:2      | Reached skill level 1 in Polearms
  1392 | D:2      | Reached skill level 1 in Staves
  1392 | D:2      | Reached skill level 1 in Slings
  1392 | D:2      | Reached skill level 1 in Bows
  1392 | D:2      | Reached skill level 1 in Crossbows
  1392 | D:2      | Reached skill level 1 in Throwing
  1392 | D:2      | Reached skill level 1 in Stealth
  1392 | D:2      | Reached skill level 1 in Shields
  1392 | D:2      | Reached skill level 1 in Unarmed Combat
  1392 | D:2      | Reached skill level 1 in Spellcasting
  1392 | D:2      | Reached skill level 1 in Evocations
  1683 | D:2      | Found a hazy altar of Hepliaklqana.
  1683 | D:2      | Found an opulent altar of Gozag.
  1757 | D:2      | Reached XP level 4. HP: 41/41 MP: 7/7
  1934 | D:2      | Found a shimmering blue altar of Sif Muna.
  2206 | D:3      | Reached skill level 1 in Conjurations
  2206 | D:3      | Reached skill level 1 in Hexes
  2206 | D:3      | Reached skill level 1 in Charms
  2206 | D:3      | Reached skill level 1 in Summonings
  2206 | D:3      | Reached skill level 1 in Necromancy
  2206 | D:3      | Reached skill level 1 in Translocations
  2206 | D:3      | Reached skill level 1 in Transmutations
  2206 | D:3      | Reached skill level 1 in Fire Magic
  2206 | D:3      | Reached skill level 1 in Ice Magic
  2206 | D:3      | Reached skill level 1 in Air Magic
  2206 | D:3      | Reached skill level 1 in Earth Magic
  2206 | D:3      | Reached skill level 1 in Poison Magic
  2393 | D:3      | Reached XP level 5. HP: 47/47 MP: 8/8
  2718 | D:3      | Reached *** piety under Lugonu
  2912 | D:4      | Killed from afar by an orc priest

Levels and vault maps discovered:
D:1:      dpeg_arrival_pits, layout_loops_ring
D:2:      layout_basic, amethyst_overflow_temple_binary, old_standard_altar,
          lemuel_blue_sif_altar
D:3:      minmay_angry_zag, layout_loops_ring
D:4:      layout_gridville, zin_academy, gup_sewer_entry_spiral,
          chequers_mini_garden, trog_book

Skill      XL: |  1  2  3  4 |
---------------+-------------+-----
Short Blades   | 1 |  1.4
Long Blades    | 1 |  1.4
Axes           | 1 |  1.4
Polearms       | 1 |  1.4
Staves         | 1 |  1.4
Slings         | 1 |  1.4
Bows           | 1 |  1.4
Crossbows      | 1 |  1.4
Throwing       | 1 |  1.4
Stealth        | 1 |  1.4
Shields        | 1 |  1.4
Unarmed Combat | 1 |  1.4
Spellcasting   | 1 |  1.4
Evocations     | 1 |  1.4
Conjurations   | 1 |  1.1
Hexes          | 1 |  1.1
Charms         | 1 |  1.1
Summonings     | 1 |  1.1
Necromancy     | 1 |  1.1
Translocations | 1 |  1.1
Transmutations | 1 |  1.1
Fire Magic     | 1 |  1.1
Ice Magic      | 1 |  1.1
Air Magic      | 1 |  1.1
Earth Magic    | 1 |  1.1
Poison Magic   | 1 |  1.1
Fighting       | |  6.7
Maces & Flails | |  4.7
Armour         | |  4.7
Dodging        | |  2.9
Invocations    | |  4.8

Action                   |  1- 3 |  4- 6 || total
-------------------------+-------+-------++-------
Melee: Mace              |    91 |    90 ||   181
       Bite              |    12 |     7 ||    19
       Punch             |       |     2 ||     2
  Use: Potion            |       |     1 ||     1
 Stab: Sleeping          |     3 |     1 ||     4
  Eat: Chunk             |     1 |     5 ||     6
Armor: Leather armour    |    28 |    28 ||    56
Dodge: Dodged            |    61 |    78 ||   139
